 Dungeon Crawl Stone Soup version 0.27-a0-836-gfc908b8576 (webtiles) character file.

Game seed: 7200699140685053677

285 polve the Changer (level 6, -2/42 HPs)
             Began as a Draconian Transmuter on Mar 31, 2021.
             Slain by a goblin
             ... wielding a staff of cold
             ... led by Robin
              (5 damage)
             ... on level 4 of the Dungeon.
             The game lasted 00:04:30 (6089 turns).

polve the Changer (Draconian Transmuter)            Turns: 6089, Time: 00:04:31

Health: -2/42      AC:  6    Str: 12    XL:     6   Next: 7%
Magic:  9/9        EV: 12    Int: 15    God:
Gold:   267        SH:  0    Dex: 12    Spells: 6/9 levels left

rFire    . . .     SeeInvis .     - Unarmed
rCold    . . .     Faith    .   (no shield)
rNeg     + . .     Spirit   .   (armour unavailable)
rPois    .         Reflect  .   (helmet restricted)
rElec    .         Harm     .   (no cloak)
rCorr    .         Rampage  .   (no gloves)
Will     +....                  (no boots)
Stlth    +.........             (no amulet)
HPRegen  0.14/turn              a - ring of positive energy
MPRegen  0.11/turn              (no ring)

@: no status effects
A: AC +6, unfitting armour, cold-blooded, talons 1, frail 1, strong-willed 1
a: no special abilities


You were on level 4 of the Dungeon.
You visited 1 branch of the dungeon, and saw 4 of its levels.

You collected 267 gold pieces.

Inventory:

Armour
 d - a +0 cloak
 j - a +1 cloak
Jewellery
 a - a ring of positive energy (left hand)
Wands
 b - a wand of random effects (27)
Scrolls
 f - 2 scrolls of fear {unknown}
 g - a scroll of amnesia {unknown}
 i - a scroll of teleportation {unknown}
 k - a scroll of identify {unknown}
 l - a scroll of noise {unknown}
 o - a scroll of enchant armour {unknown}
 p - a scroll of immolation {unknown}


   Skills:
 - Level 1.1 Fighting
 - Level 1.7 Dodging
 - Level 3.0 Unarmed Combat
 - Level 2.0 Spellcasting
 + Level 6.4 Transmutations


You had 6 spell levels left.
You knew the following spells:

 Your Spells              Type           Power      Damage    Failure   Level
a - Beastly Appendage     Tmut           40%        N/A       1%          1
b - Wereblood             Tmut           20%        N/A       2%          2

Your spell library contained the following spells:

 Spells                   Type           Power      Damage    Failure   Level
 Spider Form              Tmut/Pois      5%         N/A       19%         3
 Hydra Form               Tmut           10%        N/A       41%         5
 Ice Form                 Ice/Tmut       11%        N/A       52%         4


Dungeon Overview and Level Annotations

Branches:
Dungeon (4/15)
 Temple: D:4-7

Altars:
Makhleb
Sif Muna
The Shining One

Annotations:
D:4 3 runed translucent doors, Robin; trm's ghost, amateur DsCj


Innate Abilities, Weirdness & Mutations

Your plain brown scales are hard. (AC +6)
You cannot fit into any form of body armour.
You are cold-blooded and may be slowed by cold attacks.
You have sharp toenails.
You are frail. (-10% HP)
You are strong-willed. (Will+)


Message History

The goblin no longer looks unusually strong.
The hobgoblin no longer looks unusually strong.
The goblin hits you with a +0 club.
* * * LOW HITPOINT WARNING * * *
The adder barely misses you. The goblin closely misses you.
You hit the goblin but do no damage.
Your tail-slap misses the goblin.
The goblin is moderately wounded.
You feel sick.
The goblin no longer looks unusually strong.
The adder bites you.
* * * LOW HITPOINT WARNING * * *
The goblin barely misses you. The goblin closely misses you.
Robin roars a battlecry!
The goblins go into a battle-frenzy!
You closely miss the goblin. Your kick misses the goblin.
You feel sick. The adder bites you but does no damage.
The goblin closely misses you. The goblin completely misses you.
The goblin barely misses you. x2
You hit the goblin. You claw the goblin, but do no damage.
The goblin is moderately wounded.
You feel sick.
You are no longer poisoned.
The adder barely misses you. The goblin closely misses you. x2
The goblin barely misses you. The goblin hits you but does no damage.
The adder bites you but does no damage.
You closely miss the goblin. You claw the goblin.
You kill the goblin!
The goblin closely misses you. The goblin hits you with a +0 dagger.
* * * LOW HITPOINT WARNING * * *
The adder bites you but does no damage. The goblin closely misses you.
You hit Robin.
Robin is lightly wounded.
Robin closely misses you. The adder bites you but does no damage.
The goblin hits you with a staff of cold.
* * * LOW HITPOINT WARNING * * *
The goblin closely misses you. The goblin hits you but does no damage.
You completely miss the goblin. Your kick misses the goblin.
The goblin is severely wounded.
Robin barely misses you. The adder closely misses you.
The goblin hits you with a staff of cold.
You die...

...#.# #...
#.#.............#
...#.###
#...............#
.......#
##.#####+##......
...###.# #.#
.##...... .......#
######.#####.##......
.#.#.#.#
#............##....).
.......#
#..........#.##......
.......#
#..ggg...............
.#.###.#
#..g@Sg....#.##......
.#.....#
########.............
######.###########
#...#.#######. #
####.#.........#
#...#.# ## #
#....#####.###.#
###.# # #
#####........#.#
#.)g# # #........#.#
#...# #..........##
#...# #.......##.##.
#...#


You could see Robin, an adder, a hobgoblin (strong) and 3 goblins.

Vanquished Creatures
  A scorpion (D:4)
  A hound (D:4)
  A jelly (D:4)
  Ijyb (D:4)
  An adder (D:2)
  An ufetubus (D:4)
  A worm (D:2)
  8 dart slugs
  7 orcs
  11 bats
  10 endoplasms
  5 giant cockroaches
  15 goblins
  5 hobgoblins
  6 jackals (D:1)
  3 quokkas
  5 ball pythons
  11 kobolds
  12 rats
105 creatures vanquished.

Notes
Turn   | Place    | Note
-------+----------+-------------------------------------------
     0 | D:1      | polve the Draconian Transmuter began the quest for the Orb.
     0 | D:1      | Reached XP level 1. HP: 16/16 MP: 3/3
   279 | D:1      | Reached XP level 2. HP: 2/23 MP: 3/5
   608 | D:1      | Reached skill level 3 in Transmutations
   967 | D:1      | Reached XP level 3. HP: 25/28 MP: 6/6
  1813 | D:1      | Reached skill level 4 in Transmutations
  2275 | D:2      | Reached XP level 4. HP: 32/35 MP: 5/7
  2737 | D:2      | Found a shimmering blue altar of Sif Muna.
  2895 | D:2      | Found a burning altar of Makhleb.
  3598 | D:3      | Learned a level 2 spell: Wereblood
  3709 | D:3      | Reached skill level 5 in Transmutations
  3812 | D:3      | Found a glowing golden altar of the Shining One.
  4888 | D:4      | Reached XP level 5. HP: 16/40 MP: 8/8
  5200 | D:4      | Found a runed translucent gate.
  5200 | D:4      | Found a runed translucent gate.
  5212 | D:4      | Found a runed translucent gate.
  5339 | D:4      | Reached skill level 6 in Transmutations
  5340 | D:4      | HP: 3/60 [poisoned by a scorpion]
  5343 | D:4      | HP: 1/40 [poisoned by a scorpion]
  5736 | D:4      | Noticed Ijyb
  5756 | D:4      | Killed Ijyb
  5757 | D:4      | Reached XP level 6. HP: 32/47 MP: 9/9
  5893 | D:4      | Noticed Robin
  6045 | D:4      | Noticed trm's ghost (amateur DsCj)
  6083 | D:4      | Gained mutation: You are frail. (-10% HP) [potion of
                  | mutation]
  6083 | D:4      | Gained mutation: You have sharp toenails. [potion of
                  | mutation]
  6083 | D:4      | Gained mutation: You are strong-willed. (Will+) [potion of
                  | mutation]
  6089 | D:4      | Slain by a goblin

Illustrated notes

Levels and vault maps discovered:
D:1:      minmay_arrival_hallway, layout_basic, minmay_rat_gold_closets
D:2:      layout_basic, nicolae_sif_muna_condensation, lemuel_crystal_altar,
          corexii_hall_statues_x, guppyfry_early_orc_mine
D:3:      layout_basic, tso_metal_star
D:4:      layout_basic, minmay_temple_entry_stoned_glass,
          gammafunk_ghost_necromancy, st_stairs_11, uniq_ijyb, uniq_robin

Skill      XL: |  1  2  3  4  5 |
---------------+----------------+-----
Transmutations | 3 4 5 6 |  6.4
Fighting       | |  1.1
Dodging        | |  1.7
Unarmed Combat | |  3.0
Spellcasting   | |  2.0

Action                   |  1- 3 |  4- 6 || total
-------------------------+-------+-------++-------
Melee: Unarmed           |   187 |   195 ||   382
       Kick              |    24 |    32 ||    56
       Tailslap          |    19 |    20 ||    39
       Headbutt          |    10 |    20 ||    30
       Punch             |       |     1 ||     1
 Cast: Beastly Appendage |    18 |    33 ||    51
  Use: Potion            |       |     6 ||     6
 Stab: Sleeping          |     2 |     2 ||     4
Armor: Skin              |    56 |    61 ||   117
Dodge: Dodged            |   114 |   133 ||   247

Table legend: (Time is in decaauts)
 A = Elapsed time spent in this place.
 B = Non-inter-level travel time spent in this place.
 C = Inter-level travel time spent in this place.
 D = Time resting spent in this place.
 E = Time spent auto-exploring this place.
 F = Levels seen in this place.
 G = Mean time per level.
                   A        B        C        D        E       F      G
               +--------+--------+--------+--------+--------+-----+--------+
         Total |   6083 |   5926 |    157 |      1 |   5156 |   4 | 1520.8 |
       Dungeon |   6083 |   5926 |    157 |      1 |   5156 |   4 | 1520.8 |
               +--------+--------+--------+--------+--------+-----+--------+

Top non-repeatable levels by time:
     D:1: 1850 daAuts
     D:2: 1684 daAuts
     D:3: 1390 daAuts
     D:4: 1158 daAuts
